 Dungeon Crawl Stone Soup version 0.27-a0-1193-g8631133539 (webtiles) character file.

Game seed: 16856924968804692308

49 avis the Chopper (level 3, -2/33 HPs)
             Began as a Hill Orc Monk on May 26, 2021.
             Slain by an adder (3 damage)
             ... on level 2 of the Dungeon.
             The game lasted 00:06:19 (1369 turns).

avis the Chopper (Hill Orc Monk)                    Turns: 1369, Time: 00:06:20

Health: -2/33      AC:  4    Str: 13 (14) XL:     3   Next: 77%
Magic:  2/3        EV: 12    Int:  7 (10) God:
Gold:   20         SH:  0    Dex: 11 (13) Spells: 1/2 levels left

rFire    . . .     SeeInvis .   a - +1 whip (pain)
rCold    . . .     Faith    .   (no shield)
rNeg     . . .     Spirit   .   f - +0 robe
rPois    .         Reflect  .   (no helmet)
rElec    .         Harm     .   k - +0 cloak
rCorr    .         Rampage  .   j - +0 pair of gloves
Will     .....                  (no boots)
Stlth    ++........             (no amulet)
HPRegen  0.11/turn              (no ring)
MPRegen  0.08/turn              (no ring)

@: lethally poisoned (-2 -> -8)
A: no striking features
a: no special abilities


You were on level 2 of the Dungeon.
You visited 1 branch of the dungeon, and saw 2 of its levels.

You collected 20 gold pieces.

Inventory:

Hand Weapons
 a - a +1 whip of pain (weapon)
 b - a +0 hand axe
 e - a +0 morningstar
Missiles
 d - 22 stones (quivered)
 g - 37 sling bullets
 h - 29 poisoned darts
Armour
 f - a +0 robe (worn)
 j - a +0 pair of gloves (worn)
 k - a +0 cloak (worn)
Scrolls
 c - a scroll of identify {unknown}
 l - a scroll of magic mapping {unknown}


   Skills:
 + Level 4.3 Fighting
 - Level 4.8(5.0) Axes
 * Level 1.4(2.9) Maces & Flails
 - Level 2.4 Dodging
 - Level 1.5 Stealth
 + Level 0.8 Necromancy


You had one spell level left.
You knew the following spells:

 Your Spells              Type           Power      Damage    Failure   Level
a - Animate Skeleton      Necr           2%         N/A       32%         1

Your spell library contained the following spells:

 Spells                   Type           Power      Damage    Failure   Level
 Apportation              Tloc           0%         N/A       43%         1
 Corona                   Hex            0%         N/A       43%         1
 Summon Small Mammal      Summ           0%         N/A       43%         1


Dungeon Overview and Level Annotations

Branches:
Dungeon (2/15)

Altars:


Message History

You barely miss the adder. The adder bites you.
You completely miss the adder. The adder barely misses you.
You hit the adder.
The adder is moderately wounded.
The adder misses you. The adder bites you.
You closely miss the adder.
The adder is moderately wounded.
The adder misses you.
You hit the adder but do no damage.
The adder writhes in agony.
The adder is heavily wounded.
The adder bites you but does no damage.
You barely miss the adder.
The adder is heavily wounded.
The adder closely misses you.
You hit the adder.
The adder writhes in agony.
The adder is almost dead.
The adder bites you.
You are poisoned.
The adder poisons you!
You hit the adder but do no damage.
The adder is severely wounded.
You feel sick. The adder bites you. x2
You are lethally poisoned!
The adder poisons you!
You barely miss the adder.
The adder is severely wounded.
* * * LOW HITPOINT WARNING * * *
You feel very sick. The adder misses you.
It was a potion of degeneration.
There was something very wrong with that liquid.
You feel weakened.
You feel dopey.
You feel clumsy.
* * * LOW HITPOINT WARNING * * *
You feel sick. The adder bites you.
* * * LOW HITPOINT WARNING * * *
You hit the adder.
The adder is almost dead.
* * * LOW HITPOINT WARNING * * *
You feel sick. The adder bites you.
You die...

###.#. ......
#.............
#.......#....
##......###... ##
.........#... .#.
......#....#....
#.......#......
#......S.## .
#.....@#..#..
######..###...##
.........#..#..#.
########....###...
#.................
#.######..###### #
#.# ####..#....#.#
#.# #............#
#.# #............#


You could see an adder.

Vanquished Creatures
  2 adders (D:2)
  3 ball pythons
  4 endoplasms
  A giant cockroach (D:1)
  4 goblins
  2 jackals (D:1)
  A quokka (D:1)
  4 bats (D:1)
  3 frilled lizards (D:1)
  4 kobolds
  A rat (D:1)
29 creatures vanquished.

Notes
Turn   | Place    | Note
-------+----------+-------------------------------------------
     0 | D:1      | avis the Hill Orc Monk began the quest for the Orb.
     0 | D:1      | Reached XP level 1. HP: 19/19 MP: 1/1
   132 | D:1      | Reached XP level 2. HP: 23/27 MP: 2/2
   567 | D:1      | Learned a level 1 spell: Animate Skeleton
   807 | D:1      | Reached XP level 3. HP: 22/33 MP: 3/3
  1144 | D:2      | Reached skill level 1 in Maces & Flails
  1369 | D:2      | HP: 1/33 [poisoned by an adder]
  1369 | D:2      | Slain by an adder

Illustrated notes

Levels and vault maps discovered:
D:1:      nzn_arrival_crosshair, layout_basic
D:2:      layout_basic, minmay_strange_pillars

Skill      XL: |  1  2  3 |
---------------+----------+-----
Fighting       | 4 |  4.3
Maces & Flails | 1 |  1.4
Axes           | |  4.8
Dodging        | |  2.4
Stealth        | |  1.5
Necromancy     | |  0.8

Action                   || total
-------------------------++-------
Melee: Hand axe          ||    27
       Whip              ||    83
 Cast: Animate Skeleton  ||     6
  Use: Potion            ||     1
 Stab: Sleeping          ||     4
Armor: Robe              ||    19
Dodge: Dodged            ||    72

Table legend: (Time is in decaauts)
 A = Elapsed time spent in this place.
 B = Non-inter-level travel time spent in this place.
 C = Inter-level travel time spent in this place.
 D = Time resting spent in this place.
 E = Time spent auto-exploring this place.
 F = Levels seen in this place.
 G = Mean time per level.
                   A        B        C        D        E       F      G
               +--------+--------+--------+--------+--------+-----+--------+
         Total |   1370 |   1304 |     66 |    304 |    668 |   2 |  685.0 |
       Dungeon |   1370 |   1304 |     66 |    304 |    668 |   2 |  685.0 |
               +--------+--------+--------+--------+--------+-----+--------+

Top non-repeatable levels by time:
     D:1: 983 daAuts
     D:2: 387 daAuts
